 Dungeon Sprint DCSS version 0.23.1 (webtiles) character file.

Game seed: 6969477624626193448

3053 Gingerlord the Protected (level 9, -1/64 HPs)
             Began as a Gargoyle Fighter on Mar 8, 2019.
             Was the Champion of Makhleb.
             Slain by a freezing wraith (2 damage)
             ... while paralysed by an ogre mage
             ... in the Dungeon (Sprint V: "Ziggurat Sprint").
             The game lasted 00:07:50 (720 turns).

Gingerlord the Protected (Gargoyle Fighter)          Turns: 720, Time: 00:07:51

Health: -1/64      AC: 29    Str: 29    XL:     9   Next: 87%
Magic:  0/17       EV:  2    Int:  9    God:    Makhleb [******]
Gold:   0          SH:  0    Dex: 18    Spells: 8/8 levels left

rFire    + + .     SeeInvis .   F - +7 mace of Variability {chain chaos}
rCold    + . .     Gourm    .   (shield currently unavailable)
rNeg     + . .     Faith    .   l - +5 gold dragon scales
rPois    ∞         Spirit   +   (no helmet)
rElec    +         Reflect  .   (no cloak)
rCorr    .         Harm     .   (no gloves)
MR       .....     NoTele   +   (no boots)
Stlth    ..........             a - amulet "Valuqad" {Spirit +Blink rF+ Str+3}
HPRegen  0.20/turn              A - +6 ring of strength
MPRegen  0.15/turn              b - +6 ring of dexterity

@: paralysed
A: negative energy resistance 1, electricity resistance, unbreathing,
petrification resistance, rot immunity, AC +6
a: Minor Destruction, Lesser Servant of Makhleb, Major Destruction, Greater
Servant of Makhleb, Renounce Religion, Evoke Blink


You were in the Dungeon.
You worshipped Makhleb.
Makhleb was exalted by your worship.
You were not hungry.

You visited 1 branch

Inventory:

Hand Weapons
 E - the +7 great mace "Firestarter" {inner flame, rF++}
   (You found it in the Dungeon)

   It has been specially enchanted to burn those struck by it, causing extra
   injury to most foes and up to half again as much damage against particularly
   susceptible opponents.
   It greatly protects you from fire.
 F - the +7 mace of Variability (weapon) {chain chaos}
   (You found it in the Dungeon)

   Each time it hits an enemy it has a different, random effect.
Armour
 l - +5 gold dragon scales (worn)
Jewellery
 a - the amulet "Valuqad" (around neck) {Spirit +Blink rF+ Str+3}
   (You found it in the Dungeon)

   [amulet of guardian spirit]

   It causes incoming damage to be split between your health and magic.
   It affects your strength (+3).
   It protects you from fire.
   It lets you blink.
 b - a +6 ring of dexterity (right hand)
 c - the ring of Astym {+Inv rF+ rN+}
   (You found it in the Dungeon)

   [ring of positive energy]

   It protects you from fire.
   It protects you from negative energy.
   It lets you turn invisible.
 A - a +6 ring of strength (left hand)
 D - an uncursed ring of protection from cold
Wands
 y - a wand of disintegration (7)
 z - a wand of iceblast (7)
 C - a wand of acid (7)
Scrolls
 k - 4 scrolls of blinking
 s - 4 scrolls of amnesia
 t - 7 scrolls of fog
 u - a scroll of holy word
 v - 5 scrolls of identify
 w - 5 scrolls of remove curse
 x - 2 scrolls of fear
Potions
 d - 6 potions of might
 e - 10 potions of curing
 g - 10 potions of heal wounds
 h - 6 potions of haste
 i - 7 potions of magic
 j - 3 potions of berserk rage
 n - 2 potions of brilliance
 o - 2 potions of invisibility
 p - 4 potions of resistance
 q - a potion of experience
 r - 5 potions of agility
Miscellaneous
 m - a sack of spiders
Comestibles
 f - 7 rations


   Skills:
 + Level 11.1 Fighting
 + Level 10.1 Maces & Flails
 + Level 11.1 Armour
 + Level 8.3 Dodging
   Level 3.2 Shields
 + Level 10.7 Invocations
 + Level 3.9 Evocations


You had 8 spell levels left.
You didn't know any spells.
Your spell library was empty.

Dungeon Overview and Level Annotations

Branches:
Dungeon (1/1)

Altars:
Ashenzari
Cheibriados
Dithmenos
Elyvilon
Fedhas
Gozag
Hepliaklqana
Kikubaaqudgha
Makhleb
Nemelex Xobeh
Okawaru
Qazlal
Ru
Sif Muna
Trog
Uskayaw
Vehumet
Wu Jian
Xom
Yredelemnul
Zin
The Shining One
Beogh
Jiyva
Lugonu

Annotations:
D 1 transporter


Innate Abilities, Weirdness & Mutations

You are resistant to torment.
Your stone body is resilient. (AC +6)
You are immune to poison.
You resist negative energy. (rN+)
You are resistant to electric shocks. (rElec)
You can survive without breathing.
You are immune to petrification.
You are immune to rotting.


Message History

The ogre mage hits you but does no damage.
The freezing wraith hits you but does no damage. x2
The vault guard hits you from afar with a +4 glaive of freezing!!
* * * LOW HITPOINT WARNING * * *
The vault guard freezes you.
* * * LOW HITPOINT WARNING * * *
The yaktaur captain hits you.
* * * LOW HITPOINT WARNING * * *
The ogre mage hits you but does no damage.
The freezing wraith completely misses you.
The freezing wraith hits you but does no damage.
The vault guard hits you but does no damage.
The yaktaur captain drinks a potion.
The yaktaur captain suddenly seems more agile.
The vault guard hits you from afar with a +4 glaive of freezing.
* * * LOW HITPOINT WARNING * * *
The vault guard freezes you.
The ogre mage hits you but does no damage.
The freezing wraith hits you.
You die...

▓▓▓▓▓▓▓▓▓▓▓▓▓▓▓▓▓▓▓
▓...8©8...▓..8©8..▓
▓..|)=}...▓..)}:..▓
▓...)}....▓..)[)..▓
▓.........▓.......▓
▓.........▓.......▓
▓....pp...▓.......▓
▓...ccO...▓.......▓
▓.▓..@W.▓.▓.......▓
▓....©....▓...©...▓
▓▓▓▓▓▓▓▓▓▓▓▓▓▓▓▓▓▓▓
▓..8©8..▓ ▓...[)..▓
▓..[)[..▓ ▓.......▓
▓.......▓ ▓..)....▓


You could see a yaktaur captain, 2 vault guards, an ogre mage, a yaktaur and a
freezing wraith.

Vanquished Creatures
  An orc sorcerer (D)
  3 yaktaurs (D)
  3 guardian mummies (D)
  A flying skull (D)
  An air elemental (D)
  A yak (D)
  A hog (shapeshifter) (D)
  A porcupine (D)
  3 black bears (D)
  A phantom (D)
  A wolf (D)
  An earth elemental (D)
  A wight (D)
  An iguana (D)
  A mummy (D)
  An adder (D)
  A river rat (D)
  An adder skeleton (D)
  A ball python (D)
  A jackal (D)
  3 quokka skeletons (D)
  A quokka zombie (D)
30 creatures vanquished.

Vanquished Creatures (others)
  A centaur (D)
1 creature vanquished.

Grand Total: 31 creatures vanquished

Notes
Turn   | Place    | Note
-------+----------+-------------------------------------------
     0 | D        | Found the +6 Majin-Bo {vamp, Archmagi MP+6 Int+6}
     0 | D        | Found the +7 great mace "Firestarter" {inner flame, rF++}
     0 | D        | Gingerlord the Gargoyle Fighter began the quest for the
                  | Orb.
     0 | D        | Reached XP level 1. HP: 14/14 MP: 1/1
     4 | D        | Found a blossoming altar of Fedhas.
     9 | D        | Found a deep blue altar of Sif Muna.
     9 | D        | Found a sacrificial altar of Ru.
     9 | D        | Found a bloodstained altar of Trog.
     9 | D        | Found a stormy altar of Qazlal.
     9 | D        | Found an iron altar of Okawaru.
     9 | D        | Found a sparkling altar of Nemelex Xobeh.
    11 | D        | Found a transporter.
    11 | D        | Found an ancient bone altar of Kikubaaqudgha.
    11 | D        | Found a viscous altar of Jiyva.
    11 | D        | Found a corrupted altar of Lugonu.
    11 | D        | Found a hazy altar of Hepliaklqana.
    11 | D        | Found a burning altar of Makhleb.
    11 | D        | Found an opulent altar of Gozag.
    57 | D        | Found the +9 heavy crossbow "Sniper" {velocity, Acc+∞ SInv}
    57 | D        | Found the +10 dark maul {crush}
    57 | D        | Found the +15 Maxwell's patent armour {-Cast -Tele rElec
                  | MR+ rCorr}
    57 | D        | Found the +18 shield of the Gong {rElec rN+ MR+ EV-5}
    57 | D        | Found the cursed +14 obsidian axe {chop, +Fly SInv *Curse}
    59 | D        | Found the +6 shillelagh "Devastator" {shatter}
    59 | D        | Found the +8 lance "Wyrmbane" {slay drac, rPois rF+ rC+
                  | AC+3}
    59 | D        | Found the +9 sword of Zonguldrok {reap}
    59 | D        | Found the cursed +13 scythe of Curses {drain, *Curse}
    59 | D        | Found the +0 sword of Power
    59 | D        | Found the +7 mace of Variability {chain chaos}
    59 | D        | Found the +7 Singing Sword {slice, sonic wave}
    59 | D        | Found the +7 longbow "Piercer" {penet, EV-2}
   121 | D        | Became a worshipper of Makhleb the Destroyer
   128 | D        | Entered arena 2.
   128 | D        | Found a transporter.
   136 | D        | Reached skill level 1 in Dodging
   136 | D        | Reached skill level 1 in Invocations
   136 | D        | Reached XP level 2. HP: 16/20 MP: 1/3
   165 | D        | Entered arena 3.
   165 | D        | Noticed an earth elemental
   165 | D        | Noticed an air elemental
   165 | D        | Noticed an orc sorcerer
   165 | D        | Found a transporter.
   167 | D        | Killed an air elemental
   167 | D        | Reached * piety under Makhleb
   167 | D        | Reached skill level 5 in Maces & Flails
   167 | D        | Reached XP level 3. HP: 19/27 MP: 3/6
   167 | D        | Reached XP level 4. HP: 22/32 MP: 3/7
   167 | D        | Reached XP level 5. HP: 25/36 MP: 3/8
   169 | D        | Noticed a neqoxec
   172 | D        | Killed an orc sorcerer
   172 | D        | Reached skill level 5 in Dodging
   172 | D        | Reached XP level 6. HP: 20/44 MP: 3/11
   172 | D        | Reached XP level 7. HP: 22/48 MP: 3/12
   180 | D        | HP: 2/48 [earth elemental/exploding inner flame[the player
                  | character] (9)]
   481 | D        | Entered arena 4.
   481 | D        | Noticed a yaktaur
   481 | D        | Noticed a yaktaur
   481 | D        | Noticed a yaktaur
   481 | D        | Found a transporter.
   486 | D        | Killed a yaktaur
   486 | D        | Reached ** piety under Makhleb
   490 | D        | Killed a yaktaur
   490 | D        | Reached XP level 8. HP: 43/56 MP: 12/14
   491 | D        | Killed a yaktaur
   497 | D        | Entered arena 5.
   497 | D        | Found a transporter.
   501 | D        | Reached *** piety under Makhleb
   501 | D        | Reached skill level 10 in Fighting
   501 | D        | Reached skill level 10 in Armour
   504 | D        | Reached XP level 9. HP: 62/62 MP: 14/16
   509 | D        | Got the amulet "Valuqad" {Spirit +Blink rF+ Str+3}
   516 | D        | Entered arena 6.
   516 | D        | Found a transporter.
   521 | D        | Reached **** piety under Makhleb
   521 | D        | Reached skill level 1 in Evocations
   531 | D        | Got the ring of the Oligarchy {*Corrode rPois rF+ Dex-2
                  | Stlth+}
   544 | D        | Entered arena 7.
   544 | D        | Noticed a guardian mummy
   544 | D        | Noticed a guardian mummy
   544 | D        | Noticed a guardian mummy
   545 | D        | Found the +12 glaive of Prune {chop}
   545 | D        | Found a transporter.
   550 | D        | Killed a guardian mummy
   550 | D        | Reached ***** piety under Makhleb
   550 | D        | Reached skill level 10 in Invocations
   557 | D        | Killed a guardian mummy
   561 | D        | Killed a guardian mummy
   580 | D        | Reached skill level 10 in Maces & Flails
   688 | D        | Entered arena 8.
   689 | D        | Found the +4 skin of Zhor {Hibernate rC+++ SInv}
   689 | D        | Found a transporter.
   700 | D        | Reached ****** piety under Makhleb
   707 | D        | Got the ring of Astym {+Inv rF+ rN+}
   709 | D        | Entered arena 9.
   709 | D        | Noticed a vault guard
   709 | D        | Noticed a yaktaur
   709 | D        | Noticed a vault guard
   709 | D        | Noticed a freezing wraith
   709 | D        | Noticed an ogre mage
   709 | D        | Noticed a yaktaur captain
   713 | D        | Found a transporter.
   717 | D        | Paralysed by an ogre mage for 4 turns
   720 | D        | HP: 1/64 [vault guard/+4 glaive of freezing (3)]
   720 | D        | Slain by a freezing wraith

Skill      XL: |  1  2  3  4  5  6  7  8  9 |
---------------+----------------------------+-----
Dodging        | 1 3 5 6 7 8 |  8.3
Invocations    | 1 4 7 8 9 10 | 10.7
Fighting       | 6 7 9 10 11 | 11.1
Maces & Flails | 5 6 8 9 10 | 10.1
Armour         | 6 7 9 10 11 | 11.1
Evocations     | 3 |  3.9
Shields        | |  3.2

Action                   |  1- 3 |  4- 6 |  7- 9 || total
-------------------------+-------+-------+-------++-------
Melee: Great mace        |     8 |     4 |    69 ||    81
Invok: Major Destruction |       |       |     3 ||     3
 Stab: Paralysed         |       |       |     2 ||     2
Armor: Gold dragon scale |    14 |     1 |   124 ||   139
Dodge: Dodged            |     4 |     5 |    51 ||    60
